 Dungeon Crawl Stone Soup version 0.23.2-1-ga50397a6bc (webtiles) character file.

Game seed: 1841442418159135011

205762 Skull the Warrior (level 18, -24/124 HPs)
             Began as a Gargoyle Fighter on Apr 15, 2019.
             Was an Elder of Elyvilon.
             Killed from afar by a crystal guardian (60 damage)
             ... with a crystal bolt
             ... summoned by a halazid warlock
             ... in the Desolation of Salt on Apr 16, 2019.
             The game lasted 03:04:31 (24632 turns).

Skull the Warrior (Gargoyle Fighter)               Turns: 24632, Time: 03:04:33

Health: -24/124    AC: 42    Str: 32    XL:     18   Next: 17%
Magic:  11/21      EV: 11    Int: 14    God:    Elyvilon [****..]
Gold:   747        SH: 14    Dex: 10    Spells: 11/21 levels left

rFire    + + .     SeeInvis +   a - +7 flail (elec)
rCold    x . .     Gourm    .   X - +0 shield
rNeg     + + .     Faith    .   I - +3 fire dragon scales of the Forest {*Slow rElec rF++ rC- Str+3 Int+4}
rPois    ∞         Spirit   .   x - +0 helmet
rElec    +         Reflect  .   H - +2 cloak
rCorr    .         Harm     .   D - +2 pair of gloves
MR       +....                  C - +2 pair of boots of the Princeling {+Fly rPois rN+}
Stlth    ..........             B - amulet of the acrobat
HPRegen  0.70/turn              W - ring of the Octopus King {Wiz AC+1 EV+1 Str+1 Int+1 Dex+1}
MPRegen  0.17/turn              y - ring of see invisible

@: flying, drained
A: big wings, negative energy resistance 1, regeneration 1, electricity
resistance, unbreathing, petrification resistance, rot immunity, MP-powered
wands, AC +13
}: 2/15 runes: serpentine, barnacled
a: Stop Flying, Lesser Healing, Heal Other, Purification, Greater Healing,
Divine Protection, Renounce Religion


You were in the Desolation of Salt.
You worshipped Elyvilon.
Elyvilon was greatly pleased with you.
You were not hungry.

You visited 6 branches of the dungeon, and saw 25 of its levels.
You also visited: Desolation.

You collected 2133 gold pieces.
You spent 1386 gold pieces at shops.

Inventory:

Hand Weapons
 a - a +7 flail of electrocution (weapon)
 b - the +10 hunting sling "Etwierept" {freeze, Int+4 Dex-5}
   (You found it on level 1 of the Lair of Beasts)

   It causes projectiles fired from it to freeze those they strike, causing
   extra injury to most foes and up to half again as much damage against
   particularly susceptible opponents.
   They can also slow down cold-blooded creatures.
   It affects your intelligence (+4).
   It affects your dexterity (-5).
 c - the +9 rapier of the Vulture {venom, Int+4}
   (You took it off a merfolk on level 4 of the Shoals)

   It poisons the flesh of those it strikes.
   It affects your intelligence (+4).
 d - a +0 hand crossbow of velocity
Missiles
 h - 7 silver tomahawks
 l - 45 sling bullets
 M - 24 tomahawks (quivered)
 P - 17 javelins of returning
Armour
 q - the +6 chain mail of Kifieddie {-Tele rElec rF+ Regen+}
   (You found it on level 7 of the Dungeon)

   It protects you from fire.
   It insulates you from electricity.
   It prevents most forms of teleportation.
   It increases your rate of regeneration.
 x - a +0 helmet (worn)
 C - the +2 pair of boots of the Princeling (worn) {+Fly rPois rN+}
   (You found it on level 7 of the Dungeon)

   It protects you from poison.
   It protects you from negative energy.
   It lets you fly.
 D - a +2 pair of gloves (worn)
 H - a +2 cloak (worn)
 I - the +3 fire dragon scales of the Forest (worn) {*Slow rElec rF++ rC- Str+3 Int+4}
   (You found it on level 5 of the Dungeon)

   It affects your strength (+3).
   It affects your intelligence (+4).
   It greatly protects you from fire.
   It makes you vulnerable to cold.
   It insulates you from electricity.
   It may slow you when you take damage.
 X - a +0 shield (worn)
Magical Staves
 R - an uncursed staff of cold
Jewellery
 y - a ring of see invisible (right hand)
 B - an amulet of the acrobat (around neck)
 E - an uncursed ring of protection from cold {unknown}
 K - a +5 ring of evasion
 T - an uncursed ring of protection from magic
 U - an uncursed ring of stealth {unknown}
 W - a ring of the Octopus King (left hand) {Wiz AC+1 EV+1 Str+1 Int+1 Dex+1}
   (You bought it in a shop on level 4 of the Shoals)

   [ring of wizardry]

   It improves your spell success rate.
   It affects your AC (+1).
   It affects your evasion (+1).
   It affects your strength (+1).
   It affects your intelligence (+1).
   It affects your dexterity (+1).
 Z - an uncursed ring of stealth {unknown}
Wands
 g - a wand of flame (6)
 v - a wand of polymorph (15)
 F - a wand of digging (4)
 O - a wand of enslavement (6)
 Q - a wand of paralysis (10)
 V - a wand of disintegration (9)
Scrolls
 e - a scroll of brand weapon
 i - 7 scrolls of amnesia
 j - 2 scrolls of magic mapping
 m - 2 scrolls of summoning {unknown}
 s - 14 scrolls of remove curse
 w - a scroll of torment {unknown}
 G - 5 scrolls of teleportation
Potions
 n - 3 potions of magic
 o - a potion of experience
 p - 6 potions of curing
 r - 2 potions of flight
 t - 3 potions of might
 u - a potion of cancellation {unknown}
 z - a potion of brilliance
 A - 2 potions of ambrosia
 L - 3 potions of haste
 N - a potion of berserk rage
 S - 6 potions of invisibility
 Y - 2 potions of heal wounds
Comestibles
 f - 35 rations


   Skills:
 + Level 17.7(16.8) Fighting
 + Level 7.0(6.3) Short Blades
 - Level 14.9(14.0) Maces & Flails
 * Level 11.2(10.5) Slings
 - Level 0.3(0.0) Crossbows
 + Level 14.3(13.5) Armour
 + Level 14.3(13.4) Shields
 - Level 2.0(1.4) Spellcasting


You had 11 spell levels left.
You knew the following spells:

 Your Spells              Type           Power        Failure   Level  Hunger
a - Magic Dart            Conj           #...         22%         1    ##.....
b - Searing Ray           Conj           #.....       32%         2    ###....
c - Confusing Touch       Hex            #.....       22%         1    ##.....
d - Infusion              Chrm           #...         22%         1    ##.....
e - Song of Slaying       Chrm           #.......     32%         2    ###....
f - Summon Small Mammal   Summ           #...         22%         1    ##.....
g - Shroud of Golubria    Chrm/Tloc      #.........   32%         2    ###....

Your spell library contained the following spells:

 Spells                   Type           Power        Failure   Level  Hunger
 Flame Tongue             Conj/Fire      #....        22%         1    ##.....
 Call Imp                 Summ           #.......     32%         2    ###....
 Corpse Rot               Necr           N/A          32%         2    ###....
 Throw Flame              Conj/Fire      #.....       32%         2    ###....
 Call Canine Familiar     Summ           #.......     52%         3    ####...
 Confuse                  Hex            #.......     52%         3    ####...
 Conjure Flame            Conj/Fire      #.......     52%         3    ####...
 Dazzling Spray           Conj/Hex       #.....       52%         3    ####...
 Gell's Gravitas          Tloc           #.........   52%         3    ####...
 Ignite Poison            Fire/Tmut/Pois #.......     52%         3    ####...
 Inner Flame              Hex/Fire       #.......     52%         3    ####...
 Regeneration             Chrm/Necr      #.........   52%         3    ####...
 Spectral Weapon          Hex/Chrm       #.......     52%         3    ####...
 Static Discharge         Conj/Air       #.......     52%         3    ####...
 Summon Guardian Golem    Hex/Summ       #.......     52%         3    ####...
 Vampiric Draining        Necr           #.........   52%         3    ####...
 Animate Dead             Necr           N/A          89%         4    #####..
 Force Lance              Conj/Tloc      #.......     89%         4    #####..
 Fulminant Prism          Conj/Hex       #.........   89%         4    #####..
 Iskenderun's Mystic Bla  Conj           #.......     89%         4    #####..
 Petrify                  Tmut/Erth      #.......     89%         4    #####..
 Sticky Flame             Conj/Fire      #.......     89%         4    #####..
 Summon Ice Beast         Ice/Summ       #.......     89%         4    #####..
 Summon Lightning Spire   Summ/Air       #.......     89%         4    #####..
 Alistair's Intoxication  Tmut/Pois      #.......     99%         5    ######.
 Excruciating Wounds      Chrm/Necr      #.........   99%         5    ######.
 Fireball                 Conj/Fire      #.........   99%         5    ######.
 Irradiate                Conj/Tmut      #.........   99%         5    ######.
 Lightning Bolt           Conj/Air       #.........   99%         5    ######.
 Metabolic Englaciation   Hex/Ice        #.........   99%         5    ######.
 Yara's Violent Unravell  Hex/Tmut       #.........   99%         5    ######.
 Ignition                 Fire           #.........   100%        8    #######
 Shatter                  Erth           #.........   100%        9    #######
 Tornado                  Air            #.........   100%        9    #######
 Sublimation of Blood     Necr           Unusable     N/A         2    N/A

Dungeon Overview and Level Annotations

Branches:
Dungeon (10/15)            Temple (0/1) D:5            Lair (3/6) D:10
 Shoals (4/4) Lair:3        Snake (4/4) Lair:3          Orc (2/2) D:10
    Elf (2/3) Orc:2

Altars:
Cheibriados
Dithmenos
Elyvilon
Okawaru
Ru
Trog
Uskayaw
Vehumet
Yredelemnul
The Shining One

Shops:
Orc:2 [([!   Shoals:4 =   Snake:1 (

Annotations:
D:5 exclusion: downstairs


Innate Abilities, Weirdness & Mutations

You are resistant to torment.
Your stone body is resilient. (AC +13)
You are immune to poison.
Your large and strong wings let you fly indefinitely.
You resist negative energy. (rN+)
You are resistant to electric shocks. (rElec)
You can survive without breathing.
You are immune to petrification.
You are immune to rotting.
Your natural rate of healing is unusually fast.
You expend magic power (3 MP) to strengthen your wands.


Message History

The bolt of negative energy hits you but does no damage.
You partially resist.
You feel drained. You block the saltling's attack.
You sock the crystal guardian!
The crystal guardian is lightly damaged.
The crystal guardian fires a crystalline bolt at you.
The crystal bolt burns you! You resist. You block the saltling's attack.
The saltling hits you but does no damage.
You hit the crystal guardian.
The crystal guardian is lightly damaged.
The saltling closely misses you.
The halazid warlock points at you and mumbles some strange words.
The bolt of negative energy hits you! You partially resist.
You feel drained.
* * * LOW HITPOINT WARNING * * *
You sock the crystal guardian!
The crystal guardian is moderately damaged.
The saltling hits you but does no damage. x2
The saltling closely misses you.
The crystal guardian fires a crystalline bolt at you.
The crystal bolt freezes you!!!
You feel a terrible chill!
You die...

######..#
######..# .#
######..# ..#
#######..####..#
#######.........
#######.........
#######..8......§
#######.@88..§§§§
#######88L...§§.§
#######...p..§§§§
#######.......§§§
#######..##..§§§§
#######.))...§§§§
#######.......§§§
#######.......§§§
#######.........§


You could see a servant of whispers, a halazid warlock, a crystal guardian and 4
saltlings.

Vanquished Creatures
  The ghost of Cykl0x the Executioner, an adept MiFi of Makhleb (Snake:4)
  The ghost of Cykl0x the Severer, an adept MiFi of Makhleb (Snake:4)
  Polyphemus (Shoals:4)
  Gastronok (Orc:1)
  6 nagarajas
  A frost giant (Shoals:3)
  A deep elf death mage (Elf:1)
  13 merfolk impalers
  3 merfolk javelineers (Shoals:4)
  A ragged hierophant (Desolation)
  3 servants of whispers (Desolation)
  2 hydras
  11 naga warriors
  17 anacondas
  2 catoblepae
  4 merfolk avatars
  2 two-headed ogres
  4 merfolk aquamancers
  2 alligator snapping turtles
  6 dancing weapons
  3 satyrs (Shoals:4)
  3 death yaks (Shoals:4)
  5 shock serpents
  12 naga sharpshooters
  Sonja (Lair:2)
  The ghost of SanSoy the Quickloader, a novice CeHu (D:7)
  2 salamander mystics (Snake:3)
  3 large abominations (Elf:1)
  An unseen horror (D:10)
  7 sea snakes
  10 naga ritualists
  Pikel (D:4)
  2 deep elf archers
  A harpy (Shoals:4)
  An orc knight (Orc:2)
  4 necromancers (Elf:1)
  10 mana vipers
  2 orc sorcerers (Orc:2)
  12 fauns
  14 deep elf magi
  12 manticores
  3 cyclopes
  5 merfolk sirens
  4 guardian serpents
  44 black mambas
  12 salamanders
  16 naga magi
  Joseph (D:7)
  A gargoyle (D:9)
  8 water nymphs
  5 spiny frogs
  A komodo dragon (Lair:3)
  2 polar bears (Lair:1)
  2 trolls
  4 wind drakes
  31 merfolk
  4 blink frogs (Lair:2)
  Grinder (D:4)
  11 saltlings (Desolation)
  4 dream sheep
  9 hippogriffs
  6 snapping turtles
  15 yaks
  An air elemental (Elf:1)
  9 water elementals
  2 wyverns
  Eustachio (D:6)
  Grum (D:10)
  A warg (Orc:2)
  51 nagas
  An acid dragon (D:9)
  6 porcupines
  A sky beast (D:9)
  A swamp drake (D:10)
  2 black bears
  2 ice beasts
  8 water moccasins
  32 orc warriors
  An eye of draining (D:9)
  A necrophage (D:7)
  A phantom (D:5)
  16 centaurs
  6 ogres
  2 wolves (D:10)
  7 crocodiles
  4 big kobolds (D:9)
  8 bullfrogs
  5 scorpions
  10 killer bees
  5 wights (D:6)
  4 electric eels
  2 howler monkeys
  A centaur zombie (D:7)
  2 crimson imps
  A bullfrog zombie (D:10)
  2 quasits
  4 hounds
  9 orc priests
  4 bullfrog skeletons
  A centaur skeleton (D:6)
  Crazy Yiuf (D:6)
  3 jellies
  15 orc wizards
  3 iguanas
  3 hell rats (Lair:2)
  9 worker ants
  A killer bee zombie (D:8)
  A hound skeleton (D:10)
  9 adders
  8 gnolls
  A river rat (Lair:2)
  2 adder skeletons
  An adder zombie (D:7)
  A worm (D:5)
  6 leopard geckos
  62 orcs
  A ball python (D:3)
  2 giant cockroaches
  5 goblins
  6 hobgoblins
  2 jackals (D:5)
  4 quokkas
  9 bats
  5 frilled lizards
  11 kobolds
  A leopard gecko skeleton (D:4)
  16 rats
  A tentacle (Shoals:2)
  2 withered plants (D:7)
784 creatures vanquished.

Vanquished Creatures (collateral kills)
  A guardian serpent (Snake:2)
  A ball python (Snake:2)
2 creatures vanquished.

Vanquished Creatures (others)
  A naga (Snake:4)
  An orc (Orc:2)
  A fungus (Lair:2)
  5 plants
  26 tentacles (Shoals:2)
34 creatures vanquished.

Grand Total: 820 creatures vanquished

Notes
Turn   | Place    | Note
-------+----------+-------------------------------------------
     0 | D:1      | Skull the Gargoyle Fighter began the quest for the Orb.
     0 | D:1      | Reached XP level 1. HP: 14/14 MP: 1/1
   155 | D:1      | Reached XP level 2. HP: 18/19 MP: 2/2
   366 | D:1      | Reached XP level 3. HP: 22/24 MP: 3/3
  1119 | D:2      | Found a snail-covered altar of Cheibriados.
  1181 | D:2      | Reached skill level 4 in Fighting
  1194 | D:2      | Reached XP level 4. HP: 23/29 MP: 5/5
  1779 | D:3      | Reached skill level 1 in Spellcasting
  1839 | D:3      | Reached XP level 5. HP: 25/34 MP: 6/6
  2495 | D:4      | Noticed Grinder
  2506 | D:4      | Reached XP level 6. HP: 35/39 MP: 8/8
  2510 | D:4      | Paralysed by Grinder for 5 turns
  2523 | D:4      | Paralysed by Grinder for 4 turns
  2535 | D:4      | Paralysed by Grinder for 4 turns
  2545 | D:4      | Killed Grinder
  2545 | D:4      | Reached skill level 5 in Fighting
  2591 | D:4      | Reached XP level 7. HP: 30/44 MP: 8/10
  2974 | D:4      | Found a white marble altar of Elyvilon.
  2983 | D:4      | Became a worshipper of Elyvilon the Healer
  2991 | D:4      | Noticed Pikel
  3020 | D:4      | Killed Pikel
  3020 | D:4      | Reached skill level 6 in Fighting
  3020 | D:4      | Reached skill level 5 in Maces & Flails
  3020 | D:4      | Reached skill level 5 in Armour
  3020 | D:4      | Reached skill level 5 in Shields
  3020 | D:4      | Reached XP level 8. HP: 11/52 MP: 11/11
  3405 | D:5      | Entered Level 5 of the Dungeon
  3626 | D:5      | Reached skill level 7 in Fighting
  3866 | D:5      | Noticed a hippogriff
  3879 | D:4      | Killed a hippogriff
  4133 | D:5      | Reached XP level 9. HP: 54/57 MP: 12/12
  4282 | D:5      | Reached skill level 8 in Fighting
  4476 | D:5      | Found a staircase to the Ecumenical Temple.
  4670 | D:5      | Got fine fire dragon scales
  4671 | D:5      | Identified the +3 fire dragon scales of the Forest {*Slow
                  | rElec rF++ rC- Str+3 Int+4} (You found it on level 5 of the
                  | Dungeon)
  4842 | D:6      | Reached * piety under Elyvilon
  4909 | D:6      | Found a runed translucent door.
  4910 | D:6      | Noticed Crazy Yiuf
  4915 | D:6      | Killed Crazy Yiuf
  5035 | D:6      | Noticed Eustachio
  5112 | D:6      | Killed Eustachio
  5416 | D:6      | Learned a level 1 spell: Magic Dart
  5419 | D:6      | Learned a level 2 spell: Searing Ray
  5715 | D:6      | Reached skill level 9 in Fighting
  5939 | D:7      | Noticed a two-headed ogre
  5953 | D:7      | Killed a two-headed ogre
  5953 | D:7      | Reached XP level 10. HP: 19/66 MP: 13/13
  5977 | D:7      | HP: 3/66 [killer bee (5)]
  5977 | D:7      | Elyvilon protects you from harm!
  6744 | D:7      | Reached ** piety under Elyvilon
  6761 | D:7      | Found a shadowy altar of Dithmenos.
  6773 | D:7      | Got a polished chain mail
  6814 | D:7      | Noticed Joseph
  6831 | D:7      | Killed Joseph
  6911 | D:7      | Reached skill level 10 in Fighting
  6932 | D:7      | Found a runed translucent door.
  6932 | D:7      | Noticed SanSoy's ghost (novice CeHu)
  6955 | D:7      | Killed SanSoy's ghost
  7108 | D:7      | Found a hide-covered altar of Uskayaw.
  7342 | D:7      | Found an iron altar of Okawaru.
  7348 | D:7      | Got a pair of steaming boots
  7575 | D:7      | Identified the +2 pair of boots of the Princeling {+Fly
                  | rPois rN+} (You found it on level 7 of the Dungeon)
  7586 | D:7      | Identified the +6 chain mail of Kifieddie {-Tele rElec rF+
                  | Regen+} (You found it on level 7 of the Dungeon)
  7609 | D:7      | Gained mutation: You expend magic power (3 MP) to
                  | strengthen your wands. [potion of mutation]
  7609 | D:7      | Gained mutation: Your natural rate of healing is unusually
                  | fast. [potion of mutation]
  7745 | D:8      | Found a basalt altar of Yredelemnul.
  7884 | D:8      | Found a glowing golden altar of the Shining One.
  8036 | D:8      | Reached *** piety under Elyvilon
  8379 | D:8      | Found a basalt altar of Yredelemnul.
  8735 | D:9      | Reached XP level 11. HP: 65/73 MP: 14/14
  8954 | D:9      | Reached skill level 11 in Fighting
  8970 | D:9      | Reached skill level 10 in Maces & Flails
  8994 | D:9      | Noticed a three-headed hydra
  9007 | D:9      | Killed a three-headed hydra
  9104 | D:9      | Reached **** piety under Elyvilon
  9314 | D:9      | Noticed a two-headed ogre
  9332 | D:9      | Killed a two-headed ogre
  9409 | D:10     | Entered Level 10 of the Dungeon
  9415 | D:10     | Found a staircase to the Lair.
  9486 | D:10     | Found a sacrificial altar of Ru.
  9503 | D:10     | Noticed Grum
  9520 | D:10     | Killed Grum
  9823 | D:10     | Noticed an unseen horror
  9830 | D:10     | Killed an unseen horror
 10044 | D:10     | Reached skill level 12 in Fighting
 10117 | D:10     | Found a staircase to the Orcish Mines.
 10628 | Lair:1   | Entered Level 1 of the Lair of Beasts
 10686 | Lair:1   | Reached XP level 12. HP: 81/81 MP: 15/15
 10693 | Lair:1   | Reached ***** piety under Elyvilon
 10829 | Lair:1   | Got a brightly glowing hunting sling
 10832 | Lair:1   | Identified the +10 hunting sling "Etwierept" {freeze, Int+4
                  | Dex-5} (You found it on level 1 of the Lair of Beasts)
 11290 | Lair:1   | Reached skill level 1 in Slings
 11900 | Lair:2   | Noticed a catoblepas
 11926 | Lair:2   | Killed a catoblepas
 11999 | Lair:2   | Noticed Sonja
 12046 | Lair:2   | Killed Sonja
 12275 | Lair:2   | Noticed a four-headed hydra
 12283 | Lair:2   | Killed a four-headed hydra
 13066 | Lair:3   | Reached skill level 13 in Fighting
 13252 | Lair:3   | Found a staircase to the Shoals.
 13263 | Shoals:1 | Entered Level 1 of the Shoals
 13389 | Lair:3   | Reached XP level 13. HP: 49/88 MP: 16/16
 13452 | Shoals:1 | Reached skill level 10 in Armour
 13534 | Shoals:1 | Reached skill level 10 in Shields
 14475 | Shoals:2 | Noticed a kraken
 14570 | Shoals:2 | Noticed a kraken
 14595 | Shoals:2 | Reached skill level 14 in Fighting
 14660 | Shoals:2 | Reached skill level 5 in Slings
 14674 | Shoals:2 | Noticed a merfolk impaler
 14701 | Shoals:2 | Killed a merfolk impaler
 14942 | Shoals:3 | Noticed a merfolk impaler
 14993 | Shoals:3 | Killed a merfolk impaler
 14993 | Shoals:3 | Gained mutation: Your large and strong wings let you fly
                  | indefinitely. [Gargoyle growth]
 14993 | Shoals:3 | Reached XP level 14. HP: 90/96 MP: 17/17
 15502 | Shoals:3 | Found a radiant altar of Vehumet.
 15581 | Shoals:4 | Entered Level 4 of the Shoals
 15708 | Shoals:4 | Found Uvael's Jewellery Shoppe.
 15724 | Shoals:4 | Bought a ring of the Octopus King {Wiz AC+1 EV+1 Str+1
                  | Int+1 Dex+1} for 775 gold pieces
 15724 | Shoals:4 | Found the ring of the Octopus King {Wiz AC+1 EV+1 Str+1
                  | Int+1 Dex+1}
 15757 | Shoals:4 | Noticed Polyphemus
 15797 | Shoals:4 | Killed Polyphemus
 15811 | Shoals:4 | Reached skill level 15 in Fighting
 15877 | Shoals:4 | Paralysed by fainting for 6 turns
 15890 | Shoals:4 | Paralysed by fainting for 9 turns
 15915 | Shoals:4 | Paralysed by fainting for 9 turns
 15965 | Shoals:4 | Noticed a frost giant
 16068 | Shoals:3 | Killed a frost giant
 16325 | Shoals:4 | Identified the +6 double sword of the Bruised Coins {slice,
                  | rC+}
 16349 | Shoals:4 | HP: 3/98 [manticore (6)]
 16550 | Shoals:3 | Reached XP level 15. HP: 99/104 MP: 18/18
 16968 | Shoals:4 | Reached skill level 16 in Fighting
 17307 | Shoals:4 | Identified the +9 rapier of the Vulture {venom, Int+4}
 17468 | Shoals:4 | Got a barnacled rune of Zot
 17983 | Lair:3   | Found a staircase to the Snake Pit.
 17988 | Snake:1  | Entered Level 1 of the Snake Pit
 18014 | Snake:1  | Found Dyogeahu's Antique Weapon Shop.
 18049 | Snake:1  | Reached skill level 1 in Short Blades
 18262 | Snake:1  | Learned a level 1 spell: Confusing Touch
 18264 | Snake:1  | Learned a level 1 spell: Infusion
 18267 | Snake:1  | Learned a level 2 spell: Song of Slaying
 18269 | Snake:1  | Learned a level 1 spell: Summon Small Mammal
 18794 | Snake:2  | Reached XP level 16. HP: 33/111 MP: 19/19
 19837 | Snake:3  | Noticed a nagaraja
 19846 | Snake:3  | Killed a nagaraja
 20228 | Snake:4  | Entered Level 4 of the Snake Pit
 20607 | Snake:4  | Reached skill level 17 in Fighting
 20758 | Snake:4  | Found a runed translucent gate.
 20758 | Snake:4  | Found a runed translucent gate.
 20758 | Snake:4  | Found a runed translucent gate.
 20758 | Snake:4  | Noticed Cykl0x's ghost (adept MiFi)
 20759 | Snake:4  | Noticed Cykl0x's ghost (adept MiFi)
 20772 | Snake:4  | Reached skill level 5 in Short Blades
 20911 | Snake:4  | Reached XP level 17. HP: 117/117 MP: 20/20
 21277 | Snake:4  | Killed Cykl0x's ghost
 21309 | Snake:4  | Killed Cykl0x's ghost
 21680 | Snake:4  | Reached skill level 10 in Slings
 22135 | Snake:4  | Got a serpentine rune of Zot
 22542 | Snake:1  | Bought a runed hand crossbow for 227 gold pieces
 22862 | Orc:1    | Entered Level 1 of the Orcish Mines
 22862 | Orc:1    | Found a bloodstained altar of Trog.
 22900 | Orc:1    | Noticed Gastronok
 22915 | Orc:1    | Killed Gastronok
 23041 | Orc:2    | Entered Level 2 of the Orcish Mines
 23449 | Orc:2    | Found Oguiczom's Antique Weapon Emporium.
 23449 | Orc:2    | Found Tualaaha's Armour Shop.
 23449 | Orc:2    | Found Gustraw's Distillery.
 23499 | Orc:2    | Paralysed by an orc sorcerer for 4 turns
 23503 | Orc:2    | Elyvilon protects you from harm!
 23506 | Orc:2    | Found Serexeu's Antique Armour Shoppe.
 23551 | Orc:2    | Bought a potion of heal wounds for 80 gold pieces
 23551 | Orc:2    | Bought a potion of curing for 48 gold pieces
 23551 | Orc:2    | Bought 2 potions of invisibility for 256 gold pieces
 23718 | Orc:2    | Found a staircase to the Elven Halls.
 23755 | Elf:1    | Entered Level 1 of the Elven Halls
 23786 | Elf:1    | Found a radiant altar of Vehumet.
 24108 | Elf:1    | Identified Kikubaaqudgha's Reference Book on Dark Rites
 24113 | Elf:1    | Learned a level 2 spell: Shroud of Golubria
 24270 | Elf:2    | Reached XP level 18. HP: 124/124 MP: 21/21
 24295 | Elf:2    | Found a ruined gateway.
 24430 | Desolati | Entered the Desolation of Salt
 24632 | Desolati | Killed from afar by a crystal guardian

Skill      XL: |  1  2  3  4  5  6  7  8  9 10 11 12 13 14 15 16 17 18 |
---------------+-------------------------------------------------------+-----
Fighting       | 4 5 6 7 9 10 12 13 14 15 16 17 | 17.7
Maces & Flails | 3 4 5 6 8 9 11 12 13 14 | 14.9
Spellcasting   | 1 2 |  2.0
Armour         | 4 5 6 7 9 10 11 12 13 14 | 14.3
Shields        | 4 5 6 7 9 10 11 12 13 14 | 14.3
Slings         | 3 5 6 9 11 | 11.2
Short Blades   | 2 5 6 7 |  7.0
Crossbows      | |  0.3

Action                   |  1- 3 |  4- 6 |  7- 9 | 10-12 | 13-15 | 16-18 || total
-------------------------+-------+-------+-------+-------+-------+-------++-------
Melee: Flail             |   129 |   167 |   433 |   861 |  1239 |  1041 ||  3870
       Rapier            |       |       |       |       |    52 |       ||    52
 Fire: Hunting sling     |       |       |       |    16 |   163 |   374 ||   553
Throw: Tomahawk          |       |       |       |       |    33 |     9 ||    42
       Throwing net      |       |       |       |       |     2 |       ||     2
 Cast: Song of Slaying   |       |       |       |       |     6 |     6 ||    12
       Infusion          |       |       |       |       |       |     8 ||     8
       Summon Small Mamm |       |       |       |       |       |     4 ||     4
Invok: Lesser Healing    |       |       |       |     8 |     6 |     5 ||    19
       Divine Protection |       |       |       |     2 |     1 |     1 ||     4
       Greater Healing   |       |       |       |     3 |    26 |    18 ||    47
 Abil: Fly               |       |       |       |       |     2 |       ||     2
       Stop Flying       |       |       |       |       |     1 |       ||     1
Evoke: Wand              |       |       |       |       |    19 |    13 ||    32
       Box of beasts     |       |       |       |       |     1 |       ||     1
  Use: Scroll            |     6 |     2 |     7 |    10 |    17 |     9 ||    51
       Potion            |       |     3 |     3 |    11 |     5 |       ||    22
 Stab: Confused          |       |       |       |     1 |       |       ||     1
       Invisible         |       |       |       |       |     6 |       ||     6
       Distracted        |       |       |       |       |       |     1 ||     1
  Eat: Chunk             |     1 |     2 |    22 |    18 |    16 |     1 ||    60
       Ration            |       |     1 |       |       |     5 |     8 ||    14
Armor: Scale mail        |    73 |   113 |     6 |       |       |       ||   192
       Chain mail        |       |       |   292 |   497 |   950 |       ||  1739
       Fire dragon scale |       |       |   122 |   102 |   292 |   763 ||  1279
Dodge: Dodged            |    40 |    52 |   188 |   506 |   901 |   561 ||  2248
Block: Shield            |    72 |    79 |   330 |   697 |  1228 |   949 ||  3355
